 Dungeon Crawl Stone Soup version 0.22-a0-580-gd5db89c (webtiles) character file.

238053 sking99 the Peltast (level 18, -4/159 HPs)
             Began as a Minotaur Fighter on July 3, 2018.
             Was an Elder of Qazlal.
             Slain by a saltling (5 damage)
             ... in the Desolation of Salt.
             The game lasted 01:53:45 (37738 turns).

sking99 the Peltast (Minotaur Fighter)             Turns: 37738, Time: 01:53:46

Health: -4/159     AC: 21    Str: 23    XL:     18   Next: 55%
Magic:  29/29      EV: 12    Int:  8    God:    Qazlal [****..]
Gold:   1679       SH: 28    Dex: 19    Spells: 17/17 levels left

rFire    + + .     SeeInvis .   R - +5 eveningstar (flame)
rCold    . . .     Gourm    .   v - +0 large shield
rNeg     . . .     Faith    +   g - +3 plate armour {rF+}
rPois    .         Spirit   .   T - +1 hat {Int+3}
rElec    .         Reflect  .   (no cloak)
rCorr    .         Harm     .   Z - +0 pair of fencer's gloves {+Riposte Dex+3}
MR       .....                  (no boots)
Stlth    ..........             J - amulet of faith
HPRegen  0.36/turn              H - +5 ring of slaying
MPRegen  0.21/turn              p - ring "Reahao Xued" {rF+ Slay+5}

@: about to teleport, vulnerable, slowed, repel missiles, very slow
A: retaliatory headbutt, horns 2
}: 2/15 runes: decaying, gossamer
a: Upheaval, Elemental Force, Renounce Religion


You were in the Desolation of Salt.
You worshipped Qazlal.
Qazlal was greatly pleased with you.
You were not hungry.

You visited 8 branches of the dungeon, and saw 34 of its levels.
You also visited: Labyrinth, Ossuary, Ice Cave, Volcano and Desolation.

You collected 3097 gold pieces.
You spent 1418 gold pieces at shops.

Inventory:

Hand Weapons
 R - a +5 eveningstar of flaming (weapon)
 Y - the +6 broad axe "Rycwus" {drain, *Drain rElec rPois Int+4}
   (You found it in a labyrinth)

   A truly terrible weapon, it drains the life of those it strikes.
   It affects your intelligence (+4).
   It insulates you from electricity.
   It protects you from poison.
   It causes draining when unequipped.
Armour
 g - a +3 plate armour of fire resistance (worn)
 v - a +0 large shield (worn)
 T - a +1 hat of intelligence (worn)
 U - the +4 ring mail of the Tick {MR+ Str+2 Int+2}
   (You found it on level 11 of the Dungeon)

   It affects your strength (+2).
   It affects your intelligence (+2).
   It affects your resistance to hostile enchantments.
 Z - the +0 pair of fencer's gloves (worn) {+Riposte Dex+3}
   (You found it on level 12 of the Dungeon)

   It affects your dexterity (+3).
Jewellery
 a - the ring "Iqonap" {rElec MR+ Dex-5 SInv}
   (You bought it in a shop on level 2 of the Orcish Mines)

   [ring of protection from magic]

   It affects your dexterity (-5).
   It insulates you from electricity.
   It affects your resistance to hostile enchantments.
   It lets you see invisible.
 h - a +4 ring of slaying
 k - an uncursed ring of ice
 p - the ring "Reahao Xued" (right hand) {rF+ Slay+5}
   (You found it on level 15 of the Dungeon)

   [ring of protection from fire]

   It affects your accuracy and damage with ranged weapons and melee attacks
   (+5).
   It protects you from fire.
 w - an uncursed ring of flight
 y - an uncursed ring of poison resistance
 D - an uncursed ring of protection from magic
 E - an uncursed amulet of guardian spirit
 G - an uncursed ring of resist corrosion
 H - a +5 ring of slaying (left hand)
 J - an amulet of faith (around neck)
Wands
 n - a wand of flame (69)
 B - a wand of polymorph (35)
 N - a wand of iceblast (26)
 O - a wand of acid (27)
 Q - a wand of clouds (10)
 V - a wand of digging (36)
 X - a wand of paralysis (13)
Scrolls
 e - 9 scrolls of teleportation
 j - 6 scrolls of fear
 o - 6 scrolls of enchant armour
 r - 11 scrolls of remove curse
 A - 5 scrolls of immolation
 C - a scroll of amnesia
 M - 9 scrolls of identify
 P - 8 scrolls of blinking
 S - a scroll of fog
 W - 2 scrolls of holy word
Potions
 b - a potion of agility
 c - 6 potions of berserk rage
 d - 4 potions of might
 i - 7 potions of brilliance
 l - 5 potions of flight
 m - 4 potions of haste
 q - 7 potions of mutation
 s - 5 potions of resistance
 t - 7 potions of curing
 F - 2 potions of invisibility
 I - 3 potions of lignification
 K - 3 potions of magic
Comestibles
 f - 47 rations


   Skills:
 - Level 13.6 Fighting
 - Level 16.1(17.6) Axes
 - Level 12.7(16.0) Maces & Flails
 - Level 12.1 Armour
 - Level 9.9 Dodging
 + Level 18.3 Shields
 + Level 17.5 Invocations


You had 17 spell levels left.
You didn't know any spells.
Your spell library contained the following spells:

 Spells                   Type           Power        Failure   Level  Hunger
 Fireball                 Conj/Fire      #.........   100%        5    ######.
 Apportation              Tloc           #.....       100%        1    ##.....
 Conjure Flame            Conj/Fire      #.......     100%        3    ####...
 Throw Flame              Conj/Fire      #.....       100%        2    ###....
 Summon Small Mammal      Summ           #...         100%        1    ##.....
 Animate Skeleton         Necr           N/A          100%        1    ##.....
 Sticky Flame             Conj/Fire      #.......     100%        4    #####..
 Summon Ice Beast         Ice/Summ       #.......     100%        4    #####..
 Call Imp                 Summ           #.......     100%        2    ###....
 Spider Form              Tmut/Pois      #.........   100%        3    ####...
 Blade Hands              Tmut           #.........   100%        5    ######.
 Ice Form                 Ice/Tmut       #.......     100%        4    #####..
 Confusing Touch          Hex            #.....       100%        1    ##.....
 Flame Tongue             Conj/Fire      #....        100%        1    ##.....
 Sticks to Snakes         Tmut           #.......     100%        2    ###....
 Call Canine Familiar     Summ           #.......     100%        3    ####...
 Excruciating Wounds      Chrm/Necr      #.........   100%        5    ######.
 Shroud of Golubria       Chrm/Tloc      #.........   100%        2    ###....
 Inner Flame              Hex/Fire       #.......     100%        3    ####...
 Beastly Appendage        Tmut           #.....       100%        1    ##.....
 Iskenderun's Battlesphe  Conj/Chrm      #.......     100%        5    ######.
 Infusion                 Chrm           #...         100%        1    ##.....
 Summon Lightning Spire   Summ/Air       #.......     100%        4    #####..
 Summon Guardian Golem    Hex/Summ       #.......     100%        3    ####...


Dungeon Overview and Level Annotations

Branches:
Dungeon (15/15)            Temple (1/1) D:7            Lair (6/6) D:10
  Swamp (4/4) Lair:3       Spider (4/4) Lair:2        Slime (0/5) Lair:5
    Orc (2/2) D:12            Elf (0/3) Orc:2        Vaults (1/5) D:13
 Depths (1/5) D:15

Altars:
Ashenzari
Cheibriados
Dithmenos
Elyvilon
Fedhas
Gozag
Hepliaklqana
Kikubaaqudgha
Makhleb
Nemelex Xobeh
Okawaru
Qazlal
Ru
Sif Muna
Trog
Uskayaw
Vehumet
Wu Jian
Xom
Yredelemnul
Zin
The Shining One
Beogh
Jiyva

Shops:
D:14 *   Orc:1 *   Orc:2 =*([

Annotations:
D:3 1 runed door, Amnesiac's ghost, weakling SpMo
D:11 1 runed door
Lair:5 3 runed doors, sking99's ghost, journeyman TrMo
Swamp:2 exclusion: Roxanne, Roxanne


Innate Abilities, Weirdness & Mutations

You reflexively headbutt those who attack you in melee.
You have a pair of horns on your head.


Message History

As you read the scroll of teleportation, it crumbles to dust.
You feel strangely unstable. You block the saltling's attack. x3
The imperial myrmidon hits you but does no damage.
The saltling closely misses you.
The guardian serpent hits you but does no damage.
The saltling hits you but does no damage. x2
The imperial myrmidon hits you with a morningstar of crushing.
* * * LOW HITPOINT WARNING * * *
Your magical defenses are stripped away!
* * * LOW HITPOINT WARNING * * *
You impale the imperial myrmidon!! You burn the imperial myrmidon.
The imperial myrmidon is lightly wounded.
The guardian serpent hits you!
* * * LOW HITPOINT WARNING * * *
You block the saltling's attack. x2; The saltling closely misses you.
The guardian serpent hits you.
* * * LOW HITPOINT WARNING * * *
The imperial myrmidon hits you but does no damage.
The saltling hits you.
You die...

§§§§...................
§§§§§§..................
§§§§§...................
§.§§§...................
..........p.............
........8..#............
#...§.§.§..............
#....Sp8...............
#....§@88............#.
........8p..............
.....§.§§...............
..##.............. .
............##..
...........§§§§ §
......#######§§§§ .....#
#.§§


You could see a ragged hierophant, a servant of whispers, an imperial myrmidon,
a guardian serpent and 5 saltlings.

Vanquished Creatures
  Mara (Swamp:3)
  the Lernaean hydra (Swamp:4)
  Rupert (Lair:4)
  A sphinx (D:12)
  Frances (D:13)
  A frost giant (IceCv)
  A fire giant (D:14)
  6 emperor scorpions
  An orc warlord (Orc:2)
  5 ghost moths
  Aizul (Swamp:1)
  A spark wasp (Spider:3)
  The ghost of Dixysch the Thaumaturge, a journeyman GnWz of Sif Muna (D:14)
  A minotaur (Lab)
  A crystal guardian (Desolation)
  Snorg (Lair:3)
  2 ragged hierophants (Desolation)
  Josephine (D:10)
  A great orb of eyes (Vaults:1)
  4 vault guards (D:13)
  4 servants of whispers (Desolation)
  A ghost crab (Swamp:4)
  26 hydras
  A centaur warrior (D:12)
  3 peacekeepers
  A catoblepas (Lair:6)
  A deep troll shaman (Lair:6)
  16 alligators
  6 two-headed ogres
  An ogre mage (Vaults:1)
  A tengu warrior (D:15)
  7 death yaks
  An orc high priest (Orc:2)
  Urug (D:11)
  Sonja (D:10)
  Nergalle (D:11)
  A deep elf knight (Vaults:1)
  15 swamp dragons
  A spriggan druid (Swamp:2)
  5 unseen horrors
  3 wizards
  A lindwurm (Lair:6)
  3 shambling mangroves
  5 orc knights
  2 ironbrand convokers (Desolation)
  A necromancer (D:15)
  3 deep elf magi
  27 wolf spiders
  2 ugly things
  2 salamanders (Volcano)
  19 orb spiders
  2 orc sorcerers (Orc:2)
  3 manticores
  A moth of wrath (shapeshifter) (D:15)
  5 cyclopes
  12 elephants (Lair:6)
  4 moths of wrath
  2 black mambas
  An ice statue (IceCv)
  A black mamba (shapeshifter) (D:12)
  A guardian serpent (Desolation)
  2 torpor snails
  3 naga magi (D:15)
  14 spiny frogs
  2 rime drakes
  2 kobold demonologists
  8 demonic crawlers
  An efreet (D:15)
  8 komodo dragons
  A freezing wraith (Vaults:1)
  18 polar bears
  30 jumping spiders
  7 tyrant leeches
  2 tengu conjurers
  6 trolls
  25 slime creatures
  24 blink frogs
  24 saltlings
  2 meliai zombies (D:15)
  22 hornets
  5 hippogriffs
  A centaur simulacrum (D:14)
  69 redbacks
  2 shadows
  A vampire (D:14)
  8 wraiths
  A water elemental (D:13)
  4 wyverns
  29 tarantellas
  7 spriggans
  6 fire bats
  6 basilisks
  4 humans
  41 yaks
  A hungry ghost (D:11)
  4 hogs (D:8)
  17 vampire mosquitoes
  2 steam dragons
  Menkaure (D:7)
  2 chaos spawn (D:11)
  13 swamp worms
  5 insubstantial wisps (Swamp:2)
  14 water moccasins
  2 acid dragons
  2 wargs (Orc:2)
  A hell hound (Volcano)
  10 porcupines
  Duvessa (D:7)
  16 swamp drakes
  3 black bears
  24 orc warriors
  6 sky beasts
  5 ice beasts
  13 ogres
  2 eyes of draining (D:14)
  2 phantoms
  A boggart (D:14)
  A necrophage (D:10)
  25 wolves
  12 centaurs
  14 crocodiles
  3 big kobolds
  14 bullfrogs
  A gnoll sergeant (D:8)
  Dowan (D:7)
  2 scorpions
  A water moccasin skeleton (D:8)
  17 killer bees
  3 howler monkeys
  10 wights
  3 electric eels
  A lava snake (Lair:6)
  8 crimson imps
  5 centaur zombies
  3 quasits
  A human zombie (D:4)
  16 orc priests
  A wyvern simulacrum (D:15)
  3 centaur skeletons
  2 bullfrog skeletons (D:12)
  9 hounds
  3 jellies
  Jessica (D:9)
  7 iguanas
  26 orc wizards
  10 worker ants
  2 big kobold zombies (Ossuary)
  A hound zombie (D:11)
  A hound skeleton (D:10)
  4 mummies (Ossuary)
  A worker ant zombie (D:8)
  9 gnolls
  13 adders
  2 shadow imps
  A worm zombie (D:4)
  2 adder skeletons (D:4)
  An adder zombie (D:7)
  2 worms
  4 dart slugs
  5 leopard geckos
  62 orcs
  7 bats
  5 giant cockroaches
  2 gnoll zombies (D:4)
  14 goblins
  10 hobgoblins
  11 jackals
  20 kobolds
  5 quokkas
  2 ball pythons
  2 frilled lizards
  A leopard gecko skeleton (D:7)
  6 rats
  2 fungi
  2 plants (D:10)
1161 creatures vanquished.

Vanquished Creatures (collateral kills)
  A bullfrog (D:8)
  3 killer bees (D:8)
  A jackal (D:8)
5 creatures vanquished.

Vanquished Creatures (others)
  A hydra (Swamp:3)
  A jumping spider (Spider:3)
  A hornet (Swamp:4)
  A spriggan (Swamp:4)
  A swamp worm (Swamp:2)
  A wolf (IceCv)
  16 fungi
  4 plants
26 creatures vanquished.

Grand Total: 1192 creatures vanquished

Notes
Turn   | Place    | Note
-------+----------+-------------------------------------------
     0 | D:1      | sking99 the Minotaur Fighter began the quest for the Orb.
     0 | D:1      | Reached XP level 1. HP: 19/19 MP: 0/0
    39 | D:1      | Reached XP level 2. HP: 20/27 MP: 1/1
   406 | D:1      | Reached XP level 3. HP: 33/33 MP: 2/2
  1056 | D:2      | Reached XP level 4. HP: 36/41 MP: 3/3
  1589 | D:3      | Reached skill level 5 in Axes
  1924 | D:3      | Found a runed door.
  1926 | D:3      | Noticed Amnesiac's ghost (weakling SpMo)
  2353 | D:3      | Found a faded altar of an unknown god.
  2356 | D:3      | Became a worshipper of Qazlal Stormbringer
  2356 | D:3      | Reached * piety under Qazlal
  2464 | D:4      | Reached skill level 5 in Fighting
  2464 | D:4      | Reached XP level 5. HP: 33/48 MP: 4/4
  2573 | D:4      | Got a scorched trident
  2578 | D:4      | Identified the cursed +3 trident "Edism" {elec, rF+ Str-5 Int+2 Dex+7} (You found it on level 4 of the Dungeon)
  2843 | D:4      | Reached XP level 6. HP: 49/56 MP: 5/5
  2869 | D:4      | Found a sand-covered staircase.
  2881 | Ossuary  | Entered an ossuary
  2885 | Ossuary  | Reached ** piety under Qazlal
  3110 | D:4      | Reached XP level 7. HP: 63/63 MP: 6/6
  3352 | D:4      | Reached skill level 1 in Invocations
  3711 | D:4      | Found a burning altar of Makhleb.
  3878 | D:4      | Found a basalt altar of Yredelemnul.
  3946 | D:4      | Reached *** piety under Qazlal
  4030 | D:4      | Found a hazy altar of Hepliaklqana.
  4078 | D:5      | Entered Level 5 of the Dungeon
  5092 | D:6      | Found an ornate altar of the Wu Jian Council.
  5342 | D:6      | Found an opulent altar of Gozag.
  5347 | D:6      | Found an ancient bone altar of Kikubaaqudgha.
  5561 | D:7      | Found a glowing silver altar of Zin.
  5561 | D:7      | Noticed Menkaure
  5566 | D:7      | Killed Menkaure
  5576 | D:7      | Reached XP level 8. HP: 22/73 MP: 8/8
  5900 | D:7      | Reached skill level 10 in Axes
  6021 | D:7      | Found a staircase to the Ecumenical Temple.
  6040 | D:7      | Noticed Duvessa
  6044 | D:7      | Noticed Dowan
  6047 | D:7      | Killed Duvessa
  6115 | D:7      | Killed Dowan
  6123 | D:7      | Reached XP level 9. HP: 82/82 MP: 11/11
  6149 | Temple   | Entered the Ecumenical Temple
  6746 | D:8      | Reached **** piety under Qazlal
  7084 | D:8      | Reached skill level 5 in Invocations
  7188 | D:8      | Reached skill level 4 in Shields
  7372 | D:8      | Found a radiant altar of Vehumet.
  7483 | D:8      | Found a blossoming altar of Fedhas.
  7719 | D:8      | Found a sparkling altar of Nemelex Xobeh.
  7885 | D:9      | Reached XP level 10. HP: 58/91 MP: 13/13
  8148 | D:9      | Found a white marble altar of Elyvilon.
  8279 | D:9      | Found a snail-covered altar of Cheibriados.
  8291 | D:9      | Reached skill level 5 in Shields
  8489 | D:9      | Found a stormy altar of Qazlal.
  8531 | D:9      | Found a shadowy altar of Dithmenos.
  8798 | D:9      | Noticed Jessica
  8806 | D:9      | Killed Jessica
  8810 | D:9      | Found a deep blue altar of Sif Muna.
  8877 | D:10     | Entered Level 10 of the Dungeon
  8898 | D:10     | Noticed Sonja
  8935 | D:10     | Found a shattered altar of Ashenzari.
  8936 | D:10     | Noticed Josephine
  8953 | D:10     | Reached skill level 10 in Fighting
  8955 | D:10     | Killed Josephine
  8955 | D:10     | Reached skill level 6 in Shields
  9220 | D:10     | Killed Sonja
  9314 | D:10     | Reached XP level 11. HP: 83/101 MP: 15/15
  9331 | D:10     | Identified the Incunabulum of Enhancements
  9385 | D:10     | Reached ***** piety under Qazlal
  9385 | D:10     | Reached skill level 7 in Shields
  9570 | D:10     | Killed an unseen horror
  9952 | D:10     | Found a staircase to the Lair.
 10328 | D:11     | Noticed Nergalle
 10335 | D:11     | Found a shimmering altar of Xom.
 10342 | D:11     | Killed Nergalle
 10345 | D:11     | Found a runed door.
 10348 | D:11     | HP: 5/102 [manticore/volley of spikes (10)]
 10360 | D:11     | Reached skill level 8 in Shields
 10362 | D:11     | Noticed sking99's ghost (journeyman TrMo)
 10587 | D:11     | Noticed Urug
 10835 | D:11     | Killed Urug
 10880 | D:11     | Reached skill level 15 in Axes
 10883 | D:11     | Noticed an eight-headed hydra
 10912 | D:11     | Killed an eight-headed hydra
 10991 | D:11     | Noticed a two-headed ogre
 11010 | D:11     | Killed a two-headed ogre
 11017 | D:11     | Noticed a deep elf mage
 11025 | D:11     | Killed a deep elf mage
 11025 | D:11     | Reached XP level 12. HP: 46/111 MP: 17/17
 11413 | D:11     | Got an ichor-stained ring mail
 11414 | D:11     | Identified the +4 ring mail of the Tick {MR+ Str+2 Int+2} (You found it on level 11 of the Dungeon)
 11600 | D:11     | Found the +8 mace of Variability {chaos}
 11742 | Lair:1   | Entered Level 1 of the Lair of Beasts
 11756 | Lair:1   | Reached skill level 9 in Shields
 11760 | Lair:1   | Noticed a six-headed hydra
 11767 | Lair:1   | Killed a seven-headed hydra
 12120 | Lair:1   | Found a frozen archway.
 12127 | IceCv    | Entered an ice cave
 12269 | IceCv    | Noticed a frost giant
 12373 | IceCv    | Reached skill level 10 in Shields
 12465 | IceCv    | Killed a frost giant
 12610 | IceCv    | Got a smoking halberd
 12618 | IceCv    | Identified the +7 halberd "Hydra's Demise" {protect, rElec rN+ Dex+4} (You found it in an ice cave)
 12993 | Lair:1   | Reached skill level 10 in Invocations
 13671 | Lair:1   | Reached XP level 13. HP: 88/122 MP: 19/19
 14093 | Lair:2   | Reached skill level 1 in Maces & Flails
 14238 | Lair:2   | Found a hole to the Spider Nest.
 14648 | Lair:3   | Noticed Snorg
 14671 | Lair:3   | Killed Snorg
 15344 | Lair:3   | Found a staircase to the Swamp.
 15869 | Lair:4   | HP: 5/123 [torpor snail (12)]
 15870 | Lair:4   | Reached skill level 1 in Dodging
 16252 | Lair:4   | Reached skill level 5 in Maces & Flails
 17092 | Lair:5   | Found a runed gate.
 17092 | Lair:5   | Found a viscous altar of Jiyva.
 17104 | Lair:5   | Found a staircase to the Slime Pits.
 17116 | Lair:5   | Reached skill level 5 in Armour
 17394 | Lair:5   | Noticed Rupert
 17468 | Lair:5   | Noticed sking99's ghost (journeyman TrMo)
 17524 | Lair:4   | Killed Rupert
 17875 | Lair:5   | Found a runed gate.
 17876 | Lair:5   | Found a runed gate.
 18712 | Lair:6   | Entered Level 6 of the Lair of Beasts
 18923 | Lair:5   | Reached XP level 14. HP: 82/130 MP: 21/21
 19345 | Lair:6   | Reached skill level 5 in Dodging
 20320 | Lair:6   | Reached skill level 10 in Maces & Flails
 21367 | D:12     | Found a staircase to the Orcish Mines.
 21385 | D:12     | Found a bloodstained altar of Trog.
 21605 | D:12     | Found a runed door.
 21695 | D:12     | Noticed a sphinx
 21696 | D:12     | Found the +0 pair of fencer's gloves {+Riposte Dex+3}
 21714 | D:12     | Killed a sphinx
 21850 | D:13     | Noticed Frances
 21870 | D:13     | Killed Frances
 21870 | D:13     | Reached XP level 15. HP: 85/137 MP: 17/23
 22435 | D:13     | Found a gate to the Vaults.
 22857 | Orc:1    | Entered Level 1 of the Orcish Mines
 22874 | Orc:1    | Reached skill level 11 in Shields
 22949 | Orc:1    | Found a radiant altar of Vehumet.
 23062 | Orc:1    | Found Gufent's Assorted Antiques.
 23071 | Orc:1    | Bought a scroll of blinking for 135 gold pieces
 23271 | Orc:2    | Entered Level 2 of the Orcish Mines
 23482 | Orc:2    | Noticed an orc warlord
 23499 | Orc:2    | Killed an orc warlord
 23516 | Orc:2    | Found a roughly hewn altar of Beogh.
 23537 | Orc:2    | Found Vegey's Jewellery Emporium.
 23560 | Orc:2    | Found a staircase to the Elven Halls.
 23930 | Orc:2    | Found a dark tunnel.
 23940 | Volcano  | Entered a volcano
 24413 | Orc:2    | Found Nuck's General Store.
 24420 | Orc:2    | Found Onwuurcho's Antique Weapon Emporium.
 24671 | Orc:2    | Found Wufiotha's Antique Armour Emporium.
 24678 | Orc:2    | Bought a shiny plate armour for 858 gold pieces
 24718 | Orc:2    | Bought the ring "Iqonap" {rElec MR+ Dex-5 SInv} for 425 gold pieces
 25180 | D:14     | Found a runed gate.
 25180 | D:14     | Found a runed gate.
 25180 | D:14     | Found an opulent altar of Gozag.
 25180 | D:14     | Noticed Dixysch's ghost (journeyman GnWz)
 25181 | D:14     | Found a runed gate.
 25184 | D:14     | Noticed a fire giant
 25186 | D:14     | Found Qiysaov's Assorted Antiques.
 25732 | D:14     | Killed a fire giant
 25748 | D:14     | Killed Dixysch's ghost
 25911 | D:15     | Entered Level 15 of the Dungeon
 25916 | D:15     | Found an ornate altar of the Wu Jian Council.
 25922 | D:15     | Reached skill level 12 in Shields
 25932 | D:15     | Reached ****** piety under Qazlal
 26057 | D:15     | Found a labyrinth entrance.
 26130 | D:15     | Found a staircase to the Depths.
 26135 | Depths:1 | Entered Level 1 of the Depths
 26158 | Lab      | Entered a labyrinth
 26423 | Lab      | Got a twisted broad axe
 26424 | Lab      | Identified the +6 broad axe "Rycwus" {drain, *Drain rElec rPois Int+4} (You found it in a labyrinth)
 26427 | Lab      | Identified a scroll of acquirement
 26693 | D:15     | Got a sparkling glass ring
 27289 | Swamp:1  | Entered Level 1 of the Swamp
 27296 | Swamp:1  | Identified the ring "Reahao Xued" {rF+ Slay+5} (You found it on level 15 of the Dungeon)
 27353 | Swamp:1  | Reached XP level 16. HP: 137/145 MP: 25/25
 27442 | Swamp:1  | Noticed Aizul
 27465 | Swamp:1  | Killed Aizul
 28314 | Swamp:2  | Reached skill level 13 in Shields
 28452 | Swamp:2  | Noticed Roxanne
 28530 | Swamp:2  | Reached skill level 10 in Armour
 29760 | Swamp:3  | Noticed Mara
 29770 | Swamp:3  | Noticed sking99's illusion
 29781 | Swamp:3  | Killed Mara
 29781 | Swamp:3  | Reached skill level 14 in Shields
 30369 | Swamp:4  | Entered Level 4 of the Swamp
 30451 | Swamp:4  | Noticed the 27-headed Lernaean hydra
 30458 | Swamp:4  | Killed the 27-headed Lernaean hydra
 30851 | Swamp:4  | Reached XP level 17. HP: 105/151 MP: 27/27
 31077 | Swamp:4  | Reached skill level 15 in Invocations
 31344 | Swamp:4  | Reached skill level 15 in Shields
 31644 | Swamp:4  | Got a decaying rune of Zot
 32097 | Spider:1 | Entered Level 1 of the Spider Nest
 32930 | Spider:2 | Reached skill level 16 in Shields
 35266 | Spider:4 | Entered Level 4 of the Spider Nest
 35570 | Spider:4 | Reached skill level 17 in Shields
 35914 | Spider:4 | Reached XP level 18. HP: 152/159 MP: 17/29
 37034 | Spider:4 | Got a gossamer rune of Zot
 37294 | Vaults:1 | Entered Level 1 of the Vaults
 37646 | Vaults:1 | Found a ruined gateway.
 37650 | Desolati | Entered the Desolation of Salt
 37684 | Desolati | Reached skill level 18 in Shields
 37697 | Desolati | HP: 1/159 [ragged hierophant/a resonance strike (18)]
 37738 | Desolati | HP: 7/159 [guardian serpent (16)]
 37738 | Desolati | HP: 1/159 [guardian serpent (6)]
 37738 | Desolati | Slain by a saltling

Vault maps used:
D:1:      arrival_zaba_pyramid
D:3:      ebering_ghost_reflecting_pool, chequers_ecumenical_altar_grove
D:4:      corexii_shantytown, lemuel_zombie_altar_yredelemnul, kennysheep_mini,
          kennysheep_mini_moat, enter_ossuary_3, first_ration
D:6:      minitemple
D:7:      overflow_temple_1_default, minmay_temple_entry_statues_pillars,
          uniq_duvessa, uniq_menkaure
D:8:      lemuel_round_altar, lemuel_doored_altar, grunt_livestock,
          nemelex_lonely_heart_becter
D:9:      nicolae_qazlal_eye_of_the_storm, nicolae_overflow_hidden_temple,
          grunt_dithmenos_shadows, elyvilon_altar_5, minivault_27, tgw_sif
D:10:     grunt_lair_entry_orc_guard_hut, evilmike_ruin_ashenzari, uniq_sonja,
          uniq_josephine
D:11:     ebering_ghost_reflecting_pool, minmay_guarded_unrand_variability,
          uniq_nergalle, uniq_urug
D:12:     orc_0_dummy, basic_altar, minmay_st_funbox
D:13:     grunt_vaults_entry_fortified, water_boxes_lemuel, uniq_frances
D:14:     minmay_misc_feat_tiny, ebering_ghost_gozag, hex_large
D:15:     grunt_enter_depths_magical_seal, basic_altar,
          minmay_misc_feat_encased, lab_entry_generic
Temple:   jpeg_temple_island
Lair:1:   portal_ice_cave_entry_pillars_2, beast_lair_carwin_5
Lair:2:   dummy_spider_entry
Lair:3:   swamp_mist_pool, infiniplex_staircase_pool, uniq_snorg
Lair:5:   slime_altar_1, gammafunk_ghost_icy, uniq_rupert
Lair:6:   grunt_lair_end_beastmaster, hibernation_bobbens, grunt_megastairs_3
Swamp:1:  evilmike_swamp_ruin_wall, uniq_aizul
Swamp:2:  nicolae_swamp_triple_paths, uniq_roxanne
Swamp:3:  nicolae_swamp_stair_fork, swamp_pool5, uniq_mara
Swamp:4:  swamp_old_school, swamp_pool1, nicolae_swamp_very_dense_foliage
Spider:4: spider_rune_water
Orc:1:    serial_shops, nicolae_shop_overgrown_old_shop, basic_altar
Orc:2:    grunt_orc_cross, nicolae_volcano_entry_batcave
Vaults:1: v_alt_pattern_2, nicolae_vaults_back_hallway,
          nicolae_vaults_ring_of_whatevers, ontoclasm_vaults_claustrophobia,
          nicolae_vaults_little_squares_4, hangedman_vaults_pinch, v_misc_4,
          nicolae_vaults_yaktaur_gun_rack, nicolae_vaults_little_squares_5,
          v_misc_2, portal_desolation_entry_salt, uniq_asterion
Depths:1: kennysheep_big_empty_room, rand_demon_pan_entry_3, hell_entry,
          nicolae_trove_entry_crossroad, serial_shops, nicolae_shop_trees,
          spider_trap, kennysheep_small_square, serial_bayou_shore_b
Lab:      labyrinth_mini_lab, labyrinth_skeletal_remains
Ossuary:  ossuary_the_hunt_dpeg
IceCv:    ice_cave_small_giant
Volcano:  volcano_village

Skill      XL: |  1  2  3  4  5  6  7  8  9 10 11 12 13 14 15 16 17 18 |
---------------+-------------------------------------------------------+-----
Axes           | 3 4 5 6 7 9 10 12 13 15 16 | 16.1
Fighting       | 4 5 6 7 8 9 10 11 13 | 13.6
Invocations    | 2 4 5 7 8 10 11 12 13 14 16 17 | 17.5
Shields        | 4 6 8 10 12 14 17 18 | 18.3
Maces & Flails | 8 11 12 | 12.7
Dodging        | 4 7 9 |  9.9
Armour         | 6 8 11 12 | 12.1

Action                   |  1- 3 |  4- 6 |  7- 9 | 10-12 | 13-15 | 16-18 || total
-------------------------+-------+-------+-------+-------+-------+-------++-------
Melee: War axe           |    79 |   134 |   282 |   398 |       |       ||   893
       Headbutt          |    13 |    23 |    57 |   126 |   254 |   272 ||   745
       Unarmed           |       |       |     4 |       |       |       ||     4
       Eveningstar       |       |       |       |    27 |   997 |   986 ||  2010
       Battleaxe         |       |       |       |    43 |     3 |       ||    46
Invok: Upheaval          |       |       |     1 |     2 |     9 |    10 ||    22
       Elemental Force   |       |       |     1 |       |       |       ||     1
       Disaster Area     |       |       |       |     3 |    10 |    16 ||    29
  Use: Scroll            |       |     9 |     9 |     8 |     8 |    10 ||    44
       Potion            |       |     2 |       |     3 |     6 |    10 ||    21
 Stab: Petrified         |       |       |       |       |    19 |       ||    19
       Confused          |       |       |       |       |       |     1 ||     1
  Eat: Chunk             |     1 |     2 |    16 |    12 |    34 |    15 ||    80
       Ration            |       |     1 |       |     2 |     3 |     6 ||    12
Armor: Scale mail        |    44 |    50 |    10 |       |       |       ||   104
       Ring mail         |       |       |    25 |    50 |       |       ||    75
       Plate armour      |       |       |    70 |   144 |   347 |   428 ||   989
       Skin              |       |       |     7 |       |       |       ||     7
Dodge: Dodged            |    29 |    33 |    57 |    85 |   169 |   280 ||   653
       Deflected         |       |       |       |     5 |     9 |     2 ||    16
Block: Shield            |    45 |    65 |   202 |   466 |   827 |       ||  1605
       Other             |       |       |     1 |     5 |     5 |       ||    11
       Large shield      |       |       |       |       |   149 |  1302 ||  1451
       Rpst.: Eveningstar |       |       |       |       |    17 |    45 ||    62

Table legend:
 A = Spawn XP
 B = Non-spawn XP
 C = Spawn XP percentage of total XP
 D = Spawn monster count
 E = Non-spawn monster count
 F = Spawn count percentage of total count
 G = Total turns spent on level
                    A         B        C        D         E        F      G
               +---------+---------+-------+---------+---------+-------+---------
         Total |       0 |  337634 |   0.0 |       0 |    1164 |   0.0 | 37738
               +---------+---------+-------+---------+---------+-------+---------
           D:1 |       0 |      74 |   0.0 |       0 |      30 |   0.0 |   908
           D:2 |       0 |      51 |   0.0 |       0 |      14 |   0.0 |   485
           D:3 |       0 |      54 |   0.0 |       0 |      16 |   0.0 |  1048
           D:4 |       0 |     585 |   0.0 |       0 |      54 |   0.0 |  1420
           D:5 |       0 |      98 |   0.0 |       0 |       7 |   0.0 |   770
           D:6 |       0 |     106 |   0.0 |       0 |       6 |   0.0 |   941
           D:7 |       0 |    1804 |   0.0 |       0 |      29 |   0.0 |   705
           D:8 |       0 |    2095 |   0.0 |       0 |      36 |   0.0 |  1324
           D:9 |       0 |    1147 |   0.0 |       0 |      17 |   0.0 |  1030
          D:10 |       0 |    7469 |   0.0 |       0 |      49 |   0.0 |  1646
          D:11 |       0 |   10941 |   0.0 |       0 |      46 |   0.0 |  1637
          D:12 |       0 |   12289 |   0.0 |       0 |      48 |   0.0 |   739
          D:13 |       0 |   13933 |   0.0 |       0 |      43 |   0.0 |  1059
          D:14 |       0 |    7615 |   0.0 |       0 |      22 |   0.0 |   930
          D:15 |       0 |   13784 |   0.0 |       0 |      37 |   0.0 |   932
        Lair:1 |       0 |    5938 |   0.0 |       0 |      27 |   0.0 |  1294
        Lair:2 |       0 |    2092 |   0.0 |       0 |       9 |   0.0 |   698
        Lair:3 |       0 |    4500 |   0.0 |       0 |      18 |   0.0 |  1647
        Lair:4 |       0 |    8732 |   0.0 |       0 |      13 |   0.0 |  1579
        Lair:5 |       0 |    9690 |   0.0 |       0 |      34 |   0.0 |  1971
        Lair:6 |       0 |   22652 |   0.0 |       0 |      63 |   0.0 |  1248
       Swamp:1 |       0 |    8730 |   0.0 |       0 |      24 |   0.0 |   978
       Swamp:2 |       0 |   10921 |   0.0 |       0 |      29 |   0.0 |  1099
       Swamp:3 |       0 |   22240 |   0.0 |       0 |      33 |   0.0 |  1295
       Swamp:4 |       0 |   34183 |   0.0 |       0 |      51 |   0.0 |  1393
      Spider:1 |       0 |   22732 |   0.0 |       0 |      54 |   0.0 |  1073
      Spider:2 |       0 |   11452 |   0.0 |       0 |      34 |   0.0 |   884
      Spider:3 |       0 |   17101 |   0.0 |       0 |      52 |   0.0 |  1271
      Spider:4 |       0 |   31564 |   0.0 |       0 |      69 |   0.0 |  1834
         Orc:1 |       0 |    3009 |   0.0 |       0 |      31 |   0.0 |   771
         Orc:2 |       0 |    9723 |   0.0 |       0 |      57 |   0.0 |   927
      Vaults:1 |       0 |    9527 |   0.0 |       0 |      24 |   0.0 |   356
           Lab |       0 |    1223 |   0.0 |       0 |       1 |   0.0 |   271
       Ossuary |       0 |     261 |   0.0 |       0 |       9 |   0.0 |   217
         IceCv |       0 |    9791 |   0.0 |       0 |      36 |   0.0 |   654
       Volcano |       0 |    2926 |   0.0 |       0 |       9 |   0.0 |   386
    Desolation |       0 |   16602 |   0.0 |       0 |      33 |   0.0 |    88
               +---------+---------+-------+---------+---------+-------+---------
